 Dungeon Crawl Stone Soup version 0.27-a0-1245-g940ed4fa31 (webtiles) character file.

Game seed: 4939288721331950909

9884 lunkers the Fighter (level 11, -1/190 HPs)
             Began as an Ogre Berserker on June 9, 2021.
             Was a High Priest of Trog.
             Succumbed to a cane toad's poison
             ... on level 2 of the Lair of Beasts.
             The game lasted 00:16:39 (10299 turns).

lunkers the Fighter (Ogre Berserker)               Turns: 10299, Time: 00:16:39

Health: -1/190     AC:  4    Str: 26    XL:     11   Next: 53%
Magic:  11/11      EV: 10    Int:  8    God:    Trog [*****.]
Gold:   502        SH:  0    Dex:  8    Spells: 10/10 levels left

rFire    . . .     SeeInvis .   a - +4 morningstar (freeze)
rCold    . . .     Faith    .   (no shield)
rNeg     . . .     Spirit   .   b - +0 animal skin
rPois    .         Reflect  .   p - +1 hat
rElec    .         Harm     .   (no cloak)
rCorr    .         Rampage  .   (gloves unavailable)
Will     ++...                  (boots unavailable)
Stlth    ..........             u - amulet of regeneration
HPRegen  1.41/turn              C - ring of willpower
MPRegen  0.12/turn              (no ring)

@: berserking, lethally poisoned (-1 -> -4), very quick
A: large, unfitting armour, tough skin 1
a: Renounce Religion, Berserk, Trog's Hand, Brothers in Arms


You were on level 2 of the Lair of Beasts.
You worshipped Trog.
Trog was extremely pleased with you.
You visited 2 branches of the dungeon, and saw 10 of its levels.

You collected 502 gold pieces.

Inventory:

Hand Weapons
 a - a +4 morningstar of freezing (weapon)
 t - a +2 flail of protection
 w - the +7 dire flail "Lunun" {drain, +Rage rC- Dex+6}
   (You found it on level 5 of the Dungeon)

   A truly terrible weapon, it drains the life of those it strikes.
   It affects your dexterity (+6).
   It makes you vulnerable to cold.
   It lets you go berserk.
Missiles
 y - a throwing net
Armour
 b - a +0 animal skin (worn)
 p - a +1 hat (worn)
 I - a +0 hat of see invisible
Jewellery
 u - an amulet of regeneration (around neck)
 C - a ring of willpower (left hand)
 F - a ring of fire
Wands
 j - a wand of polymorph (9)
 l - a wand of iceblast (19)
 v - a wand of flame (5)
 D - a wand of acid (8)
 H - a wand of paralysis (8)
Scrolls
 c - 9 scrolls of identify
 f - a scroll of summoning {unknown}
 g - 2 scrolls of noise {unknown}
 h - 2 scrolls of silence {unknown}
 k - 5 scrolls of teleportation {unknown}
 n - a scroll of vulnerability {unknown}
 o - a scroll of blinking {unknown}
 q - a scroll of torment {unknown}
 r - 2 scrolls of enchant weapon {unknown}
 x - a scroll of immolation {unknown}
 E - a scroll of fear {unknown}
Potions
 d - 4 potions of mutation
 e - 4 potions of heal wounds
 i - 4 potions of haste
 m - 2 potions of flight
 s - a potion of resistance
 z - 2 potions of might
 A - a potion of cancellation
 B - 3 potions of curing
 G - a potion of attraction


   Skills:
 + Level 13.5 Fighting
 * Level 13.2 Maces & Flails
 - Level 2.6 Dodging


You had 10 spell levels left.
You didn't know any spells.
Your spell library was empty.

Dungeon Overview and Level Annotations

Branches:
Dungeon (8/15)             Temple (0/1) D:6            Lair (2/6) D:8
  Swamp: Lair:2-4    Shoals: Lair:2-4     Snake: Lair:2-4    Spider: Lair:2-4

Altars:
Cheibriados
Fedhas
Nemelex Xobeh
Yredelemnul
The Shining One

Annotations:
D:6 2 runed translucent doors


Innate Abilities, Weirdness & Mutations

You are too large for most types of armour.
You have tough skin. (AC +1)


Message History

You are poisoned.
The cane toad poisons you!
You barely miss the cane toad.
You feel very sick.
You barely miss the cane toad.
You feel sick. The cane toad stings you!
* * * LOW HITPOINT WARNING * * *
You are more poisoned.
The cane toad poisons you!
You barely miss the cane toad.
You feel very sick. The cane toad barely misses you.
You impale the cane toad!! You freeze the cane toad.
The cane toad is heavily wounded.
You feel very sick. The cane toad completely misses you.
You closely miss the cane toad.
The cane toad is heavily wounded.
You feel sick.
You barely miss the cane toad.
The cane toad is heavily wounded.
You feel very sick. The cane toad stings you!!
* * * LOW HITPOINT WARNING * * *
You puncture the cane toad! You freeze the cane toad.
The cane toad is almost dead.
* * * LOW HITPOINT WARNING * * *
You feel sick.
The cane toad stings you but does no damage.
You barely miss the cane toad.
The cane toad is almost dead.
* * * LOW HITPOINT WARNING * * *
You feel sick.
You barely miss the cane toad.
The cane toad is almost dead.
* * * LOW HITPOINT WARNING * * *
You feel sick. The cane toad misses you.
You hit the cane toad.
The cane toad seems to slow down.
You freeze the cane toad.
The cane toad is almost dead.
You die...

##...##
#...##
#...#
##..##
#P..#
#...#
###..##
#.....#
#...@P#
#...F##
.......#.
........#.
######..
.. ### ..
... ...


You could see a cane toad (slow).

Vanquished Creatures
  A black mamba (Lair:1)
  A cane toad (Lair:1)
  Joseph (D:7)
  2 komodo dragons (Lair:2)
  A rime drake (Lair:2)
  3 blink frogs (Lair:1)
  6 slime creatures
  Sigmund (D:2)
  9 yaks
  A basilisk (Lair:1)
  An acid dragon (D:8)
  8 water moccasins
  Duvessa (D:6)
  5 black bears
  An ice beast (D:6)
  An ogre (D:6)
  2 necrophages
  2 centaurs (D:7)
  5 wolves (Lair:1)
  2 phantoms (D:4)
  Blork the orc (D:4)
  A wyvern zombie (D:7)
  7 bullfrogs
  3 scorpions
  Dowan (D:6)
  4 wights (D:6)
  11 electric eels
  2 centaur zombies
  4 jellies
  3 hounds
  A centaur skeleton (D:6)
  3 iguanas
  6 orc priests
  Ijyb (D:4)
  Jessica (D:2)
  Natasha (twice) (D:2 D:1)
  A hound zombie (D:5)
  Robin (D:3)
  17 adders
  4 gnolls (D:2)
  A shadow imp (D:8)
  2 white imps
  3 worms
  3 dart slugs
  16 orcs
  13 ball pythons
  2 bats (D:2)
  7 endoplasms
  3 giant cockroaches
  12 goblins
  9 hobgoblins
  3 jackals (D:5)
  4 kobolds
  4 quokkas
  A frilled lizard (D:1)
  A jackal skeleton (D:4)
  5 rats
217 creatures vanquished.

Vanquished Creatures (others)
  18 fungi (D:8)
  34 plants
52 creatures vanquished.

Grand Total: 269 creatures vanquished

Notes
Turn   | Place    | Note
-------+----------+-------------------------------------------
     0 | D:1      | lunkers the Ogre Berserker began the quest for the Orb.
     0 | D:1      | Reached XP level 1. HP: 24/24 MP: 1/1
   200 | D:1      | Reached XP level 2. HP: 31/32 MP: 2/2
   724 | D:1      | Found a faded altar of an unknown god.
   906 | D:1      | Reached XP level 3. HP: 40/40 MP: 3/3
  1293 | D:2      | Noticed Sigmund
  1300 | D:2      | Killed Sigmund
  1300 | D:2      | Reached ** piety under Trog
  1301 | D:2      | Reached skill level 5 in Fighting
  1301 | D:2      | Reached XP level 4. HP: 52/52 MP: 4/4
  1301 | D:2      | Reached XP level 5. HP: 59/59 MP: 5/5
  1350 | D:2      | Noticed Natasha
  1363 | D:2      | Killed Natasha
  1364 | D:2      | Reached skill level 5 in Maces & Flails
  1544 | D:2      | Reached XP level 6. HP: 65/67 MP: 6/6
  1551 | D:2      | Noticed Jessica
  1556 | D:2      | Killed Jessica
  2203 | D:2      | Noticed Natasha
  2210 | D:1      | Killed Natasha
  3155 | D:3      | Noticed Robin
  3171 | D:3      | Killed Robin
  3172 | D:3      | Reached XP level 7. HP: 76/76 MP: 7/7
  3417 | D:3      | Found a snail-covered altar of Cheibriados.
  3473 | D:3      | Reached *** piety under Trog
  3913 | D:3      | Found a sparkling altar of Nemelex Xobeh.
  3985 | D:4      | Noticed Blork the orc
  3998 | D:4      | Killed Blork the orc
  4231 | D:4      | Noticed Ijyb
  4246 | D:4      | Killed Ijyb
  4594 | D:4      | Reached XP level 8. HP: 71/88 MP: 8/8
  4896 | D:5      | Entered Level 5 of the Dungeon
  5180 | D:5      | Reached **** piety under Trog
  5228 | D:5      | Found a basalt altar of Yredelemnul.
  5234 | D:5      | Found a glowing golden altar of the Shining One.
  5236 | D:5      | Noticed an angel
  5288 | D:5      | Identified the +7 dire flail "Lunun" {drain, +Rage rC-
                  | Dex+6}
  5783 | D:6      | Noticed Dowan
  5804 | D:6      | Killed Dowan
  5805 | D:6      | Reached XP level 9. HP: 98/98 MP: 9/9
  5826 | D:6      | Noticed Duvessa
  5831 | D:6      | Killed Duvessa
  5909 | D:6      | Found a large runed translucent door.
  5910 | D:6      | Found a large runed translucent door.
  6013 | D:6      | Found a staircase to the Ecumenical Temple.
  6700 | D:7      | Reached skill level 10 in Fighting
  6772 | D:7      | Noticed Joseph
  6780 | D:7      | Killed Joseph
  6781 | D:7      | Reached skill level 10 in Maces & Flails
  8040 | D:7      | Reached XP level 10. HP: 79/113 MP: 10/10
  8230 | D:8      | Identified the +7 trident of Terri {freeze, rElec}
  8404 | D:8      | Reached ***** piety under Trog
  8560 | D:8      | Found a staircase to the Lair.
  9178 | Lair:1   | Entered Level 1 of the Lair of Beasts
  9302 | Lair:1   | Found a blossoming altar of Fedhas.
  9305 | Lair:1   | Noticed a black mamba
  9310 | Lair:1   | Killed a black mamba
  9329 | Lair:1   | Reached XP level 11. HP: 119/124 MP: 11/11
 10295 | Lair:2   | HP: 3/190 [cane toad (18)]
 10297 | Lair:2   | HP: 1/190 [poisoned by a cane toad]
 10299 | Lair:2   | Succumbed to a cane toad's poison

Illustrated notes

Levels and vault maps discovered:
D:1:      heliophobic_arrival_ceremonial_halls, layout_basic,
          shapermc_ecumenical_altar_notcrosses, serial_bayou_lagoon_a
D:2:      layout_basic, minmay_snake_closets, uniq_sigmund, uniq_natasha,
          uniq_jessica
D:3:      layout_basic, lemuel_round_altar, cheibriados_altar_1,
          small_statue_intersection, kennysheep_nondescript,
          kennysheep_generic_room_12, uniq_robin
D:4:      layout_cave_pools, item_on_display_a, uniq_blork_the_orc, uniq_ijyb
D:5:      black_bear_nest_2, layout_basic, grunt_temple_overflow_holy_war
D:6:      wad_lake_hut, layout_basic, jmf_multi_god_temple2,
          minmay_temple_entry_wispy, uniq_duvessa
D:7:      layout_layer_cave, uniq_joseph
D:8:      layout_cave_pods, due_lair_maze_entry_diamond, kennysheep_boxes
Lair:1:   layout_regular_city, basic_altar, grunt_megastairs_4,
          lemuel_fruit_tree
Lair:2:   layout_cave_pods, spider_nest_entry_a, beast_lair_carwin_11,
          grunt_megastairs_1, uniq_gastronok

Skill      XL: |  1  2  3  4  5  6  7  8  9 10 11 |
---------------+----------------------------------+-----
Maces & Flails | 3 4 5 7 8 10 12 13 | 13.2
Fighting       | 5 6 7 9 11 12 13 | 13.5
Dodging        | |  2.6

Action                   |  1- 3 |  4- 6 |  7- 9 | 10-12 || total
-------------------------+-------+-------+-------+-------++-------
Melee: Mace              |    65 |   132 |   177 |       ||   374
       Unarmed           |     3 |       |       |       ||     3
       Flail             |       |       |    79 |       ||    79
       Morningstar       |       |       |    92 |   201 ||   293
Invok: Berserk           |     2 |     4 |    10 |     5 ||    21
       Trog's Hand       |       |       |     1 |       ||     1
Evoke: Wand              |       |       |     1 |     5 ||     6
  Use: Scroll            |       |       |       |     9 ||     9
 Stab: Sleeping          |       |     1 |       |       ||     1
Armor: Animal skin       |    22 |    51 |   104 |    23 ||   200
Dodge: Dodged            |    34 |   120 |   163 |    98 ||   415

Table legend: (Time is in decaauts)
 A = Elapsed time spent in this place.
 B = Non-inter-level travel time spent in this place.
 C = Inter-level travel time spent in this place.
 D = Time resting spent in this place.
 E = Time spent auto-exploring this place.
 F = Levels seen in this place.
 G = Mean time per level.
                   A        B        C        D        E       F      G
               +--------+--------+--------+--------+--------+-----+--------+
         Total |  10557 |  10321 |    236 |    473 |   8241 |  10 | 1055.7 |
       Dungeon |   9441 |   9251 |    190 |    440 |   7396 |   8 | 1180.1 |
          Lair |   1116 |   1070 |     46 |     33 |    845 |   2 |  558.0 |
               +--------+--------+--------+--------+--------+-----+--------+

Top non-repeatable levels by time:
     D:2: 1916 daAuts
     D:7: 1379 daAuts
     D:1: 1305 daAuts
     D:8: 1153 daAuts
     D:6: 993 daAuts
     D:4: 973 daAuts
  Lair:1: 927 daAuts
     D:5: 871 daAuts
     D:3: 846 daAuts
  Lair:2: 188 daAuts
